 Dungeon Crawl Stone Soup version 0.32-a0-859-gb0a091d592 (webtiles) character file.

Game seed: 8908063351460538716

1909270 Leszczynek the Hand of Fortune (level 25, 287/287 HPs)
             Began as an Oni Alchemist on Mar 18, 2024.
             Was the Champion of Nemelex Xobeh.
             Escaped with the Orb
             ... and 3 runes on Mar 27, 2024!
             The game lasted 04:40:35 (50156 turns).

Leszczynek the Hand of Fortune (Oni Alchemist)     Turns: 50156, Time: 04:40:35

Health: 287/287    AC: 24    Str: 23    XL:     25   Next: 52%
Magic:  38/38      EV: 12    Int: 16    God:    Nemelex Xobeh [******]
Gold:   2276       SH: 15    Dex: 23    Spells: 28/28 levels left

rFire   + . .        a - +9 eveningstar (freeze)
rCold   + . .        t - +0 kite shield {reflect} {Donald}
rNeg    + . .        O - +4 storm dragon scales
rPois   +            K - +1 hat
rElec   +            V - +2 cloak
rCorr   +            (gloves unavailable)
SInv    .            (boots unavailable)
Will    ++++.        E - amulet "Neazxiw" {rN+ Regen+ Dex+4} Stlth
                     B - ring of Arrival {rF+ Will++ Stlth-}
HPRegen 1.47/turn    i - ring of Tafi {^Drain rPois rC++ rCorr Dex+6 Clar}
MPRegen 0.26/turn

%: reflection, clarity
@: no status effects
A: large, unfitting armour, horns 1, tough skin 1, double potion healing,
drunken brawling, cold vulnerability 1, subdued magic 1, sturdy frame 1
0: Orb of Zot
}: 3/15 runes: decaying, serpentine, silver
a: Renounce Religion, Draw Escape, Draw Destruction, Draw Summoning, Triple
Draw, Deal Four, Stack Five


You escaped.
You worshipped Nemelex Xobeh.
Nemelex Xobeh was exalted by your worship.
You visited 9 branches of the dungeon, and saw 45 of its levels.
You also visited: Sewer and Bailey.

You collected 5949 gold pieces.
You spent 3673 gold pieces at shops.

Inventory:

Hand Weapons
 a - a +9 eveningstar of freezing (weapon)
Missiles
 f - 68 large rocks (quivered)
 r - 2 javelins
 y - a throwing net
 P - 16 curare-tipped darts
 T - 13 boomerangs
 W - 15 silver javelins
Armour
 t - a +0 kite shield of reflection (worn) {Donald}
 K - a +1 hat (worn)
 O - +4 storm dragon scales (worn)
 V - a +2 cloak (worn)
Jewellery
 i - the ring of Tafi (right hand) {^Drain rPois rC++ rCorr Dex+6 Clar}
   (You bought it in a shop on level 11 of the Dungeon)

   [ring of dexterity]

   Dex+6:     It affects your dexterity (+6).
   rC++:      It greatly protects you from cold.
   rPois:     It protects you from poison.
   Clar:      It protects you from confusion, rage, mesmerisation and fear.
   rCorr:     It protects you from acid and corrosion.
   ^Drain:    It drains your maximum health when unequipped.
 k - a ring of see invisible
 n - a +5 ring of evasion
 B - the ring of Arrival (left hand) {rF+ Will++ Stlth-}
   (You acquired it on level 1 of the Depths)

   [ring of protection from fire]

   rF+:       It protects you from fire.
   Will++:    It greatly increases your willpower.
   Stlth-:    It makes you less stealthy.
 E - the amulet "Neazxiw" (around neck) {rN+ Regen+ Dex+4}
   (You found it on level 4 of the Depths)

   [amulet of regeneration]

   Dex+4:     It affects your dexterity (+4).
   rN+:       It protects you from negative energy.
   Regen+:    It increases your rate of health regeneration.
Wands
 d - a wand of flame (100)
 m - a wand of digging (17)
 Q - a wand of mindburst (24)
 U - a wand of polymorph (5)
 X - a wand of charming (29)
 Y - a wand of quicksilver (23)
 Z - a wand of iceblast (19)
Scrolls
 c - 12 scrolls of fear
 e - a scroll of butterflies
 l - 8 scrolls of teleportation
 p - 3 scrolls of silence {!r}
 u - 7 scrolls of fog
 v - a scroll of revelation
 w - 8 scrolls of vulnerability {!r}
 z - 2 scrolls of enchant weapon
 L - a scroll of brand weapon
Potions
 b - 3 potions of magic
 h - 7 potions of might
 o - 10 potions of curing {@q1}
 q - 4 potions of cancellation
 s - 7 potions of mutation {!q}
 x - 2 potions of ambrosia
 A - 4 potions of enlightenment
 C - a potion of haste
 D - 4 potions of invisibility
 F - 2 potions of resistance
Miscellaneous
 g - a phantom mirror
 H - a box of beasts
 J - a phial of floods
 M - a lightning rod (4/4)
 S - a condenser vane


   Skills:
 - Level 23.0 Fighting
 + Level 18.7 Maces & Flails
 * Level 20.0 Throwing
 - Level 11.2 Armour
 - Level 10.0 Dodging
 - Level 1.4 Stealth
 - Level 15.2 Shields
 - Level 2.4 Spellcasting
 - Level 0.8 Conjurations
 - Level 2.6 Alchemy
 - Level 23.4 Invocations
 - Level 11.1 Evocations


You had 28 spell levels left.
You didn't know any spells.
Your spell library contained the following spells:

 Spells                   Type           Power      Damage    Failure   Level
 Sting                    Conj/Alch      20%        1d4       41%         1
 Magic Dart               Conj           12%        1d3       54%         1
 Kiss of Death            Conj/Necr      8%         2d6       61%         1
 Mercury Vapours          Alch/Air       8%         N/A       61%         2
 Necrotise                Necr           4%         1d4       67%         1
 Summon Small Mammal      Summ           4%         N/A       67%         1
 Cigotuvi's Dreadful Rot  Necr/Alch/Air  6%         N/A       67%         2
 Searing Ray              Conj           6%         2d4       69%         2
 Momentum Strike          Conj/Tloc      4%         3d8       75%         2
 Blink                    Tloc           2%         N/A       80%         2
 Call Imp                 Summ           2%         N/A       80%         2
 Lesser Beckoning         Tloc           2%         N/A       80%         2
 Sublimation of Blood     Necr           1%         N/A       80%         2
 Mephitic Cloud           Conj/Alch/Air  4%         N/A       86%         3
 Stone Arrow              Conj/Erth      4%         3d7       93%         3
 Call Canine Familiar     Summ           1%         N/A       96%         3
 Confusing Touch          Hex            1%         N/A       96%         3
 Gell's Gravitas          Tloc           1%         3d6       96%         3
 Inner Flame              Hex/Fire       1%         N/A       96%         3
 Passwall                 Erth           1%         N/A       96%         3
 Teleport Other           Tloc           1%         N/A       96%         3
 Tukima's Dance           Hex            1%         N/A       96%         3
 Vampiric Draining        Necr           1%         2d6       96%         3
 Volatile Blastmotes      Fire/Tloc      2%         2d10      96%         3
 Olgreb's Toxic Radiance  Alch           8%         N/A       97%         4
 Fulminant Prism          Conj/Alch      2%         3d5       99%         4
 Ignite Poison            Fire/Alch      4%         N/A       99%         4
 Leda's Liquefaction      Alch/Erth      2%         N/A       99%         4
 Petrify                  Alch/Erth      4%         N/A       99%         4
 Sticky Flame             Fire/Alch      4%         2d4       99%         4
 Animate Armour           Summ/Erth      2%         N/A       100%        4
 Cause Fear               Hex            0%         N/A       100%        4
 Dispel Undead            Necr           1%         3d6       100%        4
 Flame Wave               Conj/Fire      2%         2d4       100%        4
 Iskenderun's Mystic Bla Conj/Tloc 2%             2d3        (+2d1     100%        4
 Martyr's Knell           Necr/Summ      1%         N/A       100%        4
 Passage of Golubria      Tloc           1%         N/A       100%        4
 Summon Blazeheart Golem  Fire/Summ      1%         N/A       100%        4
 Summon Lightning Spire   Summ/Air       1%         N/A       100%        4
 Vhi's Electric Charge    Tloc/Air       2%         N/A       100%        4
 Alistair's Intoxication  Alch           5%         N/A       100%        5
 Arcjolt                  Conj/Air       1%         1d11      100%        5
 Borgnjor's Vile Clutch   Necr/Erth      0%         N/A       100%        5
 Curse of Agony           Necr           1%         N/A       100%        5
 Fireball                 Conj/Fire      1%         3d3       100%        5
 Freezing Cloud           Conj/Ice/Air   1%         6-21      100%        5
 Irradiate                Conj/Alch      2%         3d12      100%        5
 Lee's Rapid Deconstruct  Erth           0%         3d4*      100%        5
 Metabolic Englaciation   Hex/Ice        0%         N/A       100%        5
 Yara's Violent Unravell  Hex/Alch       2%         3d3       100%        5
 Bombard                  Conj/Erth      1%         9d1       100%        6
 Dispersal                Tloc           0%         N/A       100%        6
 Eringya's Noxious Bog    Alch           4%         4d6       100%        6
 Plasma Beam              Fire/Air       0%         2x1d10    100%        6
 Starburst                Conj/Fire      1%         6d3       100%        6
 Haunt                    Necr/Summ      0%         N/A       100%        7
 Manifold Assault         Tloc           0%         N/A       100%        7
 Borgnjor's Revivificati  Necr           0%         N/A       100%        8
 Disjunction              Tloc           0%         N/A       100%        8
 Lehudib's Crystal Spear  Conj/Erth      1%         10d2      100%        8
 Death's Door             Necr           0%         N/A       100%        9
 Dragon's Call            Summ           0%         N/A       100%        9


Dungeon Overview and Level Annotations

Branches:
Dungeon (15/15)            Temple (1/1) D:6            Lair (5/5) D:10
  Swamp (4/4) Lair:3        Snake (4/4) Lair:3        Slime (0/5) Lair:5
    Orc (2/2) D:11            Elf (0/3) Orc:2        Vaults (5/5) D:14
  Crypt (0/3) Vaults:2     Depths (4/4) D:15            Zot (5/5) Depths:4
  Sewer (visited)          Bailey (visited)

Altars:
Ashenzari
Cheibriados
Dithmenos
Elyvilon
Fedhas
Gozag
Hepliaklqana
Kikubaaqudgha
Makhleb
Nemelex Xobeh
Okawaru
Qazlal
Ru
Sif Muna
Trog
Uskayaw
Vehumet
Wu Jian
Xom
Yredelemnul
Zin
The Shining One
Jiyva
Lugonu

Shops:
D:11 (*   Orc:1 ?   Orc:2 (*:[   Snake:4 :(*(   Vaults:2 !   Vaults:4 (
Vaults:5 (*

Portals:
Hell: Depths:1 Depths:2 Depths:3 Depths:4
Abyss: Depths:2 Depths:3 Depths:4
Pandemonium: Depths:2
Ziggurat: Depths:2
Trove: D:11 (give 5 potions of resistance)

Annotations:
D:4 2 runed translucent doors, zkyp's ghost, amateur CoGl
D:11 trove - 5 potions of resistance
Lair:3 1 runed translucent door, Xoff's ghost, journeyman GnCj
Swamp:1 2 transporters, Jain's ghost, adept MiFi


Innate Abilities, Weirdness & Mutations

You are too large for most types of armour.
You have a pair of small horns on your head.
You have tough skin. (AC +1)
You gain doubled healing and magic from potions.
Whenever you drink a healing potion, you attack all around you.
You are vulnerable to cold. (rC-)
Your spells are a little easier to cast, but a little less powerful.
Your movements are slightly less encumbered by armour. (ER -2)


Message History

You climb upwards.
There is a stone staircase leading down here.
There is a stone staircase leading up here.
You climb upwards.
There is a stone staircase leading down here.
There is a stone staircase leading up here.
You climb upwards.
There is a stone staircase leading down here.
You see here a +0 ring mail.
Things that are here:
5 stones; a +0 short sword; a kobold skeleton You see here a quokka skeleton.
A Siwamew, an Executioner, a lich and a large abomination come into view.
Enter note: god damn it
Press: ? - help, v - describe, . - travel
Here: Siwamew, armed with a draining touch The floor.
Blink to where?
Press: ? - help, Dir - move target You can't see that place. [the floor.]
Okay, then.
The Executioner gives a hideous shriek!
The lich moves out of view.
The large abomination moves out of view.
Unknown command.
Press: ? - help, . - travel You can't see that place. [the floor.]
The Executioner gestures.
The Executioner seems to speed up.
Blink to where?
Press: ? - help, Dir - move target
As you read the scroll of blinking, it crumbles to dust.
Unknown command.
Blink to where?
Press: ? - help, Dir - move target
As you read the scroll of blinking, it crumbles to dust.
Enter note: fuck off You have escaped!

................................#
......# ########......#####.##.#
......# #.........÷...#.# .÷....#
#......#####..#.# ......#
###'#### #..#.# ......#
#.########..#.# ÷.....#
#####..(.....#..#.# #.....#
##.>.########.#..#.# ####.##
##..@..## #.#..#.. #†#
##.......## #.#..### ## #.#
##..⌠...⌠..## #.#[.### .###.#
##...........## #.#..... ..÷#†#
##.⌠....⌠....⌠.###.#.#### ##...#
#........1......##....... ###.#
#..⌠...⌠.&.⌠...⌠..###.####
#.##....(............. #.....
#.#......⌠.......⌠.... #.####


You could see Siwamew and an Executioner (fast).

Vanquished Creatures
  4 dread liches
  3 orbs of fire
  2 ancient liches
  8 Killer Klowns
  3 caustic shrikes (Depths:4)
  A curse toe (Zot:5)
  8 golden dragons
  An electric golem (Zot:5)
  23 Orb Guardians (Zot:5)
  10 tentacled monstrosities
  2 liches
  A walking earthen tome (Depths:3)
  2 walking frostbound tomes (Depths:2)
  3 quicksilver dragons
  A titan (Vaults:5)
  3 death cobs
  5 sphinxes
  6 tengu reavers
  9 shadow dragons
  Donald (Lair:3)
  5 fire giants
  9 storm dragons
  A draconian monk (Depths:4)
  6 nagarajas
  3 iron dragons
  7 draconian shifters
  8 frost giants
  13 vault wardens
  A deep elf sorcerer (Vaults:2)
  A ghost moth (Zot:5)
  A draconian knight (Zot:5)
  2 balrugs
  5 draconian scorchers (Zot:5)
  A reaper (Zot:5)
  4 draconian stormcallers
  4 draconian annihilators
  16 ironbound preservers
  A formless jellyfish (Vaults:4)
  3 orc warlords
  21 very ugly things
  A spriggan defender (Depths:2)
  18 stone giants
  3 ironbound thunderhulks
  3 vampire knights
  A deep elf demonologist (Vaults:5)
  5 black draconians
  3 eleionomae
  4 green draconians
  A deep elf annihilator (Vaults:5)
  3 deep elf death magi (Vaults:5)
  3 bunyips
  7 dire elephants
  6 war gargoyles
  12 white draconians
  7 red draconians
  6 yellow draconians
  2 spark wasps
  A lorocyproca (Depths:2)
  3 purple draconians
  Snorg (D:12)
  A green death (Depths:2)
  9 ettins
  2 crystal guardians (Vaults:2)
  11 fire dragons
  Josephine (D:13)
  22 yaktaur captains
  2 merfolk impalers
  A shambling mangrove (Swamp:4)
  31 vault guards
  A hell beast (Depths:2)
  2 entropy weavers
  23 hydras
  13 ice dragons
  10 great orbs of eyes
  4 rakshasas (Depths:1)
  5 salamander tyrants
  4 ogre magi (Vaults:5)
  Erolcha (D:10)
  2 peacekeepers
  6 anacondas
  7 alligators
  12 centaur warriors
  A ghost crab (Swamp:2)
  7 ironbound frosthearts
  2 spriggan air magi (Depths:3)
  6 two-headed ogres
  A two-headed ogre (shapeshifter) (Vaults:5)
  7 boulder beetles
  3 tengu warriors
  2 vampire magi
  6 deep troll earth magi
  6 deep troll shamans
  5 orc high priests
  10 naga warriors
  3 occultists
  5 shock serpents
  A deep elf knight (D:14)
  12 naga sharpshooters
  2 shock serpents (shapeshifter)
  12 hell knights
  6 sun demons
  Nergalle (D:11)
  A skyshark (shapeshifter) (Vaults:5)
  A fire crab (Orc:2)
  5 goliath frogs
  5 salamander mystics
  A skeletal warrior (Vaults:2)
  7 iron trolls
  A sun moth (D:13)
  4 glowing orange brains
  4 spriggan druids
  A mana viper (shapeshifter) (Vaults:5)
  27 deep trolls
  5 swamp dragons (Swamp:4)
  5 bog bodies
  2 flayed ghosts
  Pikel (D:9)
  20 ironbound convokers
  7 arcanists
  5 mana vipers
  13 orc knights
  6 phantasmal warriors
  3 necromancers
  13 lindwurms
  4 naga ritualists
  A deep elf pyromancer (D:14)
  An oklob plant (Lair:5)
  4 orc sorcerers
  32 ugly things
  10 moths of wrath
  2 cyclopes
  5 manticores
  Maurice (D:12)
  6 will-o-the-wisps
  20 salamanders
  A rust devil (Depths:2)
  3 torpor snails
  A water nymph (shapeshifter) (Depths:2)
  A smoke demon (Depths:1)
  6 elephants (Lair:5)
  3 gargoyles
  35 black mambas
  17 naga magi
  15 vault sentinels
  13 cane toads
  6 kobold demonologists
  4 molten gargoyles
  33 yaktaurs
  7 rime drakes
  2 unseen horrors (D:12)
  2 freezing wraiths
  9 komodo dragons
  An efreet (D:11)
  A yaktaur (shapeshifter) (Depths:3)
  A tengu conjurer (Depths:3)
  3 red devils (Orc:1)
  5 polar bears
  7 tyrant leeches
  7 trolls
  A merfolk (shapeshifter) (Depths:3)
  9 hornets
  Prince Ribbit (Lair:2)
  A snapping turtle (Vaults:1)
  18 blink frogs
  6 dream sheep
  2 glass eyes
  A dream sheep (shapeshifter) (Depths:3)
  50 slime creatures
  A culicivora (Vaults:4)
  A shadow (D:9)
  A centaur simulacrum (D:15)
  3 water elementals (Depths:3)
  Sigmund (D:2)
  9 spriggans
  5 wyverns
  4 vampires
  8 wraiths
  51 yaks
  5 fire bats
  10 basilisks
  7 wargs
  Eustachio (D:4)
  5 steam dragons
  2 redbacks (Vaults:4)
  10 vampire mosquitoes
  A swamp worm (shapeshifter) (Depths:1)
  44 nagas
  8 swamp worms
  6 acid dragons
  20 water moccasins
  3 hell hounds (Lair:5)
  10 swamp drakes
  33 orc warriors
  5 black bears
  A sky beast (D:6)
  4 ice beasts
  A tengu (Lair:2)
  12 boggarts
  21 wolves
  10 ogres
  19 centaurs
  A phantom (D:5)
  4 kobold brigands
  2 brain worms (Sewer)
  10 bullfrogs
  A gnoll sergeant (D:6)
  3 scorpions
  14 wights
  5 killer bees (D:9)
  5 howler monkeys
  2 vampire bats (D:3)
  10 electric eels
  7 lava snakes
  3 sleepcaps
  2 bombardier beetles
  4 hounds
  3 jellies
  12 orc priests
  5 iguanas
  17 orc wizards
  7 hell rats (Lair:5)
  6 gnolls
  11 adders
  5 river rats (Sewer)
  2 shadow imps
  4 ufetubi (D:6)
  3 ribbon worms
  7 dart slugs
  80 orcs
  8 bats
  4 bat skeletons (D:3)
  2 bat zombies (D:3)
  4 endoplasms
  2 giant cockroaches (D:1)
  2 goblins
  8 hobgoblins
  14 jackals
  2 quokkas (D:1)
  5 ball pythons
  8 frilled lizards
  22 kobolds
  4 rats
  2 butterflies (Lair:1)
1705 creatures vanquished.

Vanquished Creatures (collateral kills)
  Xtahua (Vaults:4)
  Saint Roka (Snake:2)
  A titan (Vaults:5)
  2 sphinxes (Vaults:5)
  A quicksilver dragon (Vaults:5)
  A tengu reaver (Vaults:5)
  An iron dragon (Depths:3)
  A very ugly thing (Vaults:5)
  A war gargoyle (Vaults:5)
  A peacekeeper (Vaults:2)
  An ugly thing (Vaults:5)
  An eye of devastation (Lair:5)
  A molten gargoyle (Lair:5)
  A rime drake (Lair:5)
  A yaktaur (Vaults:2)
  A fire bat (Lair:5)
  A swamp worm (Swamp:3)
  A hell hound (Lair:5)
  An orc warrior (Snake:2)
  A tengu (Lair:5)
  An iguana (Lair:5)
  An orc (Snake:2)
23 creatures vanquished.

Vanquished Creatures (others)
  A stone giant (Depths:3)
  A rakshasa (Depths:3)
  2 naga warriors (Snake:4)
  2 unseen horrors
  2 bloated husks (Swamp:1)
  2 swamp drakes (Swamp:4)
  A boggart (Vaults:1)
  An orc wizard (D:13)
  A ball lightning (Depths:4)
  42 foxfires
55 creatures vanquished.

Grand Total: 1783 creatures vanquished

Notes
Turn   | Place    | Note
-------+----------+-------------------------------------------
     0 | D:1      | Leszczynek the Oni Alchemist began the quest for the Orb.
     0 | D:1      | Reached XP level 1. HP: 16/16 MP: 3/3
    19 | D:1      | Reached skill level 1 in Fighting
    88 | D:1      | Reached skill level 2 in Fighting
    88 | D:1      | Reached XP level 2. HP: 28/28 MP: 3/5
   151 | D:1      | Reached skill level 3 in Fighting
   206 | D:1      | Reached XP level 3. HP: 26/39 MP: 1/6
   510 | D:1      | Learned a level 2 spell: Mercury Vapours
   636 | D:1      | Reached skill level 1 in Maces & Flails
   779 | D:2      | Reached skill level 4 in Fighting
   861 | D:2      | Reached XP level 4. HP: 48/48 MP: 4/7
  1024 | D:2      | Noticed Sigmund
  1155 | D:2      | Killed Sigmund
  1156 | D:2      | Reached skill level 5 in Fighting
  1156 | D:2      | Reached skill level 3 in Maces & Flails
  1156 | D:2      | Reached XP level 5. HP: 53/57 MP: 0/8
  1156 | D:2      | Reached XP level 6. HP: 62/66 MP: 0/9
  1208 | D:2      | Found a faded altar of an unknown god.
  1566 | D:3      | Found a broken altar of Ashenzari.
  1572 | D:3      | Found a white marble altar of Elyvilon.
  1712 | D:3      | Found a hide-covered altar of Uskayaw.
  1810 | D:3      | Found an ancient bone altar of Kikubaaqudgha.
  1812 | D:3      | Reached skill level 4 in Maces & Flails
  2245 | D:4      | Noticed Eustachio
  2267 | D:4      | Killed Eustachio
  2268 | D:4      | Reached skill level 6 in Fighting
  2268 | D:4      | Reached skill level 5 in Maces & Flails
  2268 | D:4      | Reached XP level 7. HP: 42/75 MP: 8/10
  2406 | D:4      | Found a large runed translucent door.
  2406 | D:4      | Found a large runed translucent door.
  2410 | D:4      | Noticed zkyp's ghost (amateur CoGl)
  2496 | D:5      | Entered Level 5 of the Dungeon
  2585 | D:5      | Reached skill level 6 in Maces & Flails
  2632 | D:5      | Reached skill level 7 in Fighting
  2673 | D:5      | Reached XP level 8. HP: 73/87 MP: 11/11
  2886 | D:5      | Identified the +10 short sword of Xekheg {antimagic, Int+4
                  | Stlth+}
  2960 | D:5      | Reached skill level 7 in Maces & Flails
  3094 | D:5      | Reached skill level 8 in Fighting
  3227 | D:5      | Noticed a wyvern
  3234 | D:5      | Killed a wyvern
  3245 | D:5      | Reached skill level 8 in Maces & Flails
  3475 | D:6      | Upgraded the game from 0.32-a0-768-g0f6f1dd4b9 to
                  | 0.32-a0-779-g362cfcae2a
  3517 | D:6      | Reached XP level 9. HP: 71/97 MP: 12/12
  3541 | D:6      | Reached skill level 9 in Fighting
  3676 | D:6      | Reached skill level 9 in Maces & Flails
  3726 | D:6      | MISCAST MISCAST MISCAST
  3726 | D:6      | imagine playing as spellcasters
  3726 | D:6      | awful stuff
  3754 | D:6      | 4 out of 5
  3754 | D:6      | 17% chance
  3754 | D:6      | imagine
  3754 | D:6      | playing
  3754 | D:6      | as
  3754 | D:6      | spellcasters
  3783 | D:6      | HP: 20/100 [shadow imp/nerve-wracking pain (9)]
  3936 | D:6      | Found a staircase to the Ecumenical Temple.
  3993 | D:6      | Found a glowing drain.
  4004 | Sewer    | Entered a sewer
  4035 | Sewer    | Reached skill level 10 in Fighting
  4169 | Sewer    | Reached skill level 10 in Maces & Flails
  4524 | Temple   | Entered the Ecumenical Temple
  4546 | Temple   | Became a worshipper of Nemelex Xobeh the Trickster
  4818 | D:7      | Reached skill level 1 in Invocations
  4970 | D:7      | Reached * piety under Nemelex Xobeh
  5125 | D:7      | Reached skill level 2 in Invocations
  5227 | D:7      | HP: 18/94 [wight/+0 halberd (7)]
  5520 | D:7      | Reached skill level 3 in Invocations
  5520 | D:7      | Reached XP level 10. HP: 43/90 MP: 13/13
  5682 | D:8      | Reached skill level 11 in Maces & Flails
  5750 | D:8      | Noticed a gargoyle
  5799 | D:8      | Killed a gargoyle
  5800 | D:8      | Reached skill level 4 in Invocations
  5836 | D:8      | Found a flagged portal.
  5857 | Bailey   | Entered a bailey
  5913 | Bailey   | Found a large runed translucent door.
  5913 | Bailey   | Found a large runed translucent door.
  5971 | Bailey   | HP: 20/110 [orc warrior/+0 trident (7)]
  6069 | Bailey   | Noticed an orc knight
  6203 | D:8      | Found an iron altar of Okawaru.
  6203 | D:8      | Found a shimmering blue altar of Sif Muna.
  6212 | D:8      | Received a gift from Nemelex Xobeh
  6252 | D:8      | Noticed a two-headed ogre
  6317 | D:8      | Killed a two-headed ogre
  6318 | D:8      | Reached skill level 12 in Maces & Flails
  6318 | D:8      | Reached skill level 5 in Invocations
  6563 | D:8      | Reached skill level 1 in Shields
  6793 | D:8      | Reached skill level 2 in Dodging
  6793 | D:8      | Reached skill level 2 in Shields
  6955 | D:9      | Reached skill level 3 in Shields
  7080 | D:9      | Paralysed by a hornet for 1 turns
  7152 | D:9      | Reached skill level 3 in Dodging
  7165 | D:9      | Received a gift from Nemelex Xobeh
  7182 | D:9      | Reached skill level 4 in Shields
  7182 | D:9      | Reached XP level 11. HP: 92/118 MP: 15/15
  7215 | D:9      | Noticed a two-headed ogre
  7221 | D:9      | Killed a two-headed ogre
  7321 | D:9      | Noticed Pikel
  7336 | D:9      | Killed Pikel
  7337 | D:9      | Reached skill level 5 in Shields
  7348 | D:9      | Reached skill level 4 in Dodging
  7351 | D:9      | Reached skill level 1 in Armour
  7516 | D:10     | Entered Level 10 of the Dungeon
  7516 | D:10     | Reached ** piety under Nemelex Xobeh
  7530 | D:9      | Paralysed by a hornet for 2 turns
  7610 | D:9      | Reached skill level 2 in Armour
  7610 | D:9      | Reached skill level 6 in Shields
  7876 | D:10     | Noticed a two-headed ogre
  7892 | D:10     | Killed a two-headed ogre
  8112 | D:10     | Reached skill level 3 in Armour
  8116 | D:10     | Noticed Erolcha
  8147 | D:10     | wew
  8162 | D:10     | Killed Erolcha
  8163 | D:10     | Reached skill level 7 in Shields
  8268 | D:10     | Found a blossoming altar of Fedhas.
  8342 | D:10     | Received a gift from Nemelex Xobeh
  8568 | D:10     | Found a staircase to the Lair.
  8616 | D:10     | Found a corrupted altar of Lugonu.
  8699 | D:10     | Reached skill level 6 in Invocations
  8871 | D:10     | Identified 2 scrolls of acquirement
  8871 | D:10     | Acquired 293 gold pieces
  8873 | D:10     | i have 2 in alchemy, 3.5 in armor and 12 in maces and it
                  | still tries to give me spellcaster items
  8873 | D:10     | Acquired a manual of Fighting
  8875 | D:10     | at least this is something useful, I guess
  8917 | D:11     | Reached *** piety under Nemelex Xobeh
  8952 | D:11     | Noticed a green ugly thing
  8972 | D:11     | Killed a green ugly thing
  8973 | D:11     | Reached skill level 11 in Fighting
  8973 | D:11     | Reached XP level 12. HP: 125/130 MP: 16/16
  8984 | D:11     | Found Guiklysalo's Weapon Shop.
  9041 | D:11     | Found a staircase to the Orcish Mines.
  9157 | D:11     | Reached skill level 7 in Invocations
  9327 | D:11     | Noticed a two-headed ogre
  9343 | D:11     | Killed a two-headed ogre
  9364 | D:11     | Found Soziq's Clear Minds Boutique.
  9392 | D:11     | Noticed Nergalle
  9420 | D:11     | Killed Nergalle
  9506 | D:11     | Found a portal to a secret trove of treasure.
  9507 | D:11     | Received a gift from Nemelex Xobeh
  9666 | D:12     | Noticed Snorg
  9679 | D:12     | Killed Snorg
  9680 | D:12     | Reached skill level 8 in Invocations
  9769 | D:12     | Reached skill level 12 in Fighting
  9769 | D:12     | Reached skill level 13 in Maces & Flails
  9769 | D:12     | Reached skill level 8 in Shields
 10118 | D:12     | Reached **** piety under Nemelex Xobeh
 10330 | D:12     | Noticed Maurice
 10330 | D:12     | Noticed a two-headed ogre
 10345 | D:12     | Killed a two-headed ogre
 10346 | D:12     | Reached skill level 9 in Invocations
 10349 | D:12     | Killed Maurice
 10725 | D:12     | Reached skill level 13 in Fighting
 10944 | D:11     | Bought the ring of Tafi {^Drain rPois rC++ rCorr Dex+6
                  | Clar} for 944 gold pieces
 10980 | Lair:1   | Entered Level 1 of the Lair of Beasts
 11018 | Lair:1   | Reached XP level 13. HP: 96/144 MP: 20/20
 11130 | Lair:1   | Reached skill level 10 in Invocations
 11166 | Lair:1   | Received a gift from Nemelex Xobeh
 11266 | Lair:1   | Reached skill level 14 in Maces & Flails
 11357 | Lair:1   | HP: 27/145 [electric eel/bolt of electricity (7)]
 11359 | Lair:1   | HP: 10/145 [electric eel/bolt of electricity (11)]
 11359 | Lair:1   | HP: 1/145 [electric eel/bolt of electricity (9)]
 11361 | Lair:1   | HIT IT YOU FUCKING MORON
 11361 | Lair:1   | HIT O N C E
 11361 | Lair:1   | holy shit this game
 11363 | Lair:1   | almost killed by an electric eel
 11363 | Lair:1   | because that's how bullshit this rng is
 11376 | Lair:1   | "you don't understand, you HAVE to use a consumable here"
 11376 | Lair:1   | "it's fun gameplay!"
 11577 | Lair:1   | Reached skill level 14 in Fighting
 11901 | Lair:2   | Received a gift from Nemelex Xobeh
 11995 | Lair:2   | Reached ***** piety under Nemelex Xobeh
 11995 | Lair:2   | Noticed Prince Ribbit
 12001 | Lair:2   | Reached skill level 11 in Invocations
 12007 | Lair:2   | Killed Prince Ribbit
 12168 | Lair:2   | Reached skill level 9 in Shields
 12273 | Lair:2   | Received a gift from Nemelex Xobeh
 12845 | Lair:2   | Reached skill level 4 in Armour
 12997 | Lair:3   | Received a gift from Nemelex Xobeh
 13110 | Lair:3   | Found a staircase to the Swamp.
 13132 | Lair:3   | You fall into a shaft and drop 2 floors!
 13132 | Lair:5   | Entered Level 5 of the Lair of Beasts
 13145 | Lair:5   | Reached skill level 15 in Fighting
 13159 | Lair:5   | Reached skill level 12 in Invocations
 13181 | Lair:5   | Reached XP level 14. HP: 94/159 MP: 23/23
 13190 | Lair:5   | Reached skill level 5 in Dodging
 13202 | Lair:5   | HP: 31/159 [rime drake/icy flash freeze (5)]
 13212 | Lair:5   | Found the +4 skin of Zhor {*Englaciate rC+++ SInv}
 13340 | Lair:5   | Reached skill level 15 in Maces & Flails
 13416 | Lair:5   | Received a gift from Nemelex Xobeh
 13614 | Lair:3   | Noticed Xoff's ghost (journeyman GnCj)
 13614 | Lair:3   | Found a runed translucent door.
 13614 | Lair:3   | Found a shimmering altar of Xom.
 13680 | Lair:3   | Found a staircase to the Snake Pit.
 13903 | Lair:3   | Received a gift from Nemelex Xobeh
 14471 | Lair:4   | Reached skill level 13 in Invocations
 14602 | Lair:5   | Received a gift from Nemelex Xobeh
 14628 | Lair:5   | Noticed Rupert
 14646 | Lair:5   | Reached skill level 16 in Fighting
 14651 | Lair:5   | Rupert changed into Rupert the eye of devastation
 14651 | Lair:5   | Noticed Rupert
 14651 | Lair:5   | Killed Rupert the eye of devastation
 14974 | Lair:5   | Found a staircase to the Slime Pits.
 15027 | Lair:5   | Found a viscous altar of Jiyva.
 15191 | Lair:5   | Reached skill level 6 in Dodging
 15600 | Lair:5   | Found a large runed translucent door.
 15620 | Lair:5   | HP: 22/163 [molten gargoyle/bolt of magma (24)]
 15625 | Lair:5   | HP: 14/163 [molten gargoyle/bolt of magma (19)]
 15707 | Lair:5   | Found a large runed translucent door.
 15744 | Lair:5   | Reached skill level 14 in Invocations
 15865 | Lair:5   | Reached ****** piety under Nemelex Xobeh
 15893 | Lair:5   | Reached skill level 16 in Maces & Flails
 15893 | Lair:5   | Reached XP level 15. HP: 131/172 MP: 25/25
 15909 | Lair:5   | Identified the +2 flail of Wuigh {speed, ^Fragile rF+
                  | Str+3}
 16444 | Orc:1    | Entered Level 1 of the Orcish Mines
 16599 | D:11     | Reached skill level 17 in Fighting
 16693 | Orc:1    | Reached skill level 5 in Armour
 16837 | Orc:1    | Received a gift from Nemelex Xobeh
 16920 | Orc:1    | Found Vylyzez's Magic Scroll Boutique.
 17024 | Orc:2    | Entered Level 2 of the Orcish Mines
 17050 | Orc:2    | Noticed an orc warlord
 17057 | Orc:2    | an orc warlord changed into an anaconda
 17137 | Orc:2    | Found Vekhlour's Antique Armour Shoppe.
 17185 | Orc:2    | Found a staircase to the Elven Halls.
 17258 | Orc:2    | Found Xisug's Book Shop.
 17258 | Orc:2    | Received a gift from Nemelex Xobeh
 17424 | Orc:2    | Found Ulof's Antique Weapon Emporium.
 17562 | Orc:2    | Reached skill level 15 in Invocations
 17706 | Orc:2    | Found Ukomeruo's General Store.
 17714 | Orc:2    | Bought a scroll of enchant armour for 112 gold pieces
 17714 | Orc:2    | Received a gift from Nemelex Xobeh
 17909 | Orc:1    | Bought a scroll of teleportation for 42 gold pieces
 17909 | Orc:1    | Bought a scroll of blinking for 105 gold pieces
 17909 | Orc:1    | Bought a scroll of teleportation for 42 gold pieces
 17909 | Orc:1    | Bought a scroll of enchant weapon for 105 gold pieces
 18034 | D:13     | Noticed Nessos
 18041 | D:13     | Nessos changed into Nessos the sun moth
 18041 | D:13     | Noticed Nessos
 18044 | D:13     | that's not better is it
 18044 | D:13     | shit
 18090 | D:13     | Killed Nessos the sun moth
 18161 | D:13     | Reached skill level 18 in Fighting
 18341 | D:13     | Noticed Josephine
 18424 | D:13     | Killed Josephine
 18425 | D:13     | Reached skill level 6 in Armour
 18515 | D:13     | Received a gift from Nemelex Xobeh
 19088 | D:14     | Received a gift from Nemelex Xobeh
 19265 | D:14     | Found a gate to the Vaults.
 19292 | D:14     | Reached skill level 1 in Throwing
 19292 | D:14     | Reached skill level 7 in Dodging
 19343 | D:15     | Entered Level 15 of the Dungeon
 19431 | D:15     | Reached skill level 16 in Invocations
 19477 | D:15     | Found an opulent altar of Gozag.
 19662 | D:15     | HP: 28/179 [centaur/arrow[a centaur warrior] (12)]
 19766 | D:15     | Reached skill level 2 in Throwing
 19836 | D:15     | Received a gift from Nemelex Xobeh
 19876 | D:15     | Found a staircase to the Depths.
 19964 | D:15     | Reached skill level 19 in Fighting
 20129 | D:15     | Received a gift from Nemelex Xobeh
 20184 | D:15     | Reached XP level 16. HP: 187/189 MP: 28/28
 20296 | D:15     | Upgraded the game from 0.32-a0-779-g362cfcae2a to
                  | 0.32-a0-791-gfc315c9ecd
 20296 | D:15     | 10/11/12 defences, let's go
 20296 | D:15     | and a +2 flail
 20531 | Swamp:1  | Entered Level 1 of the Swamp
 20574 | Lair:3   | Reached skill level 3 in Throwing
 20698 | Lair:3   | Reached skill level 7 in Armour
 21308 | Swamp:1  | 12/11/12!
 21317 | Swamp:1  | could be even better but I'm waiting with my scrolls
 21324 | Swamp:1  | Reached skill level 17 in Invocations
 21354 | Swamp:1  | Found a transporter.
 21354 | Swamp:1  | Noticed a fenstrider witch
 21356 | Swamp:1  | Noticed Jain's ghost (adept MiFi)
 21357 | Swamp:1  | Noticed a tentacled monstrosity
 21357 | Swamp:1  | Noticed a thorn hunter
 21358 | Swamp:1  | Found a transporter.
 21360 | Swamp:1  | Noticed a fenstrider witch
 21392 | Swamp:1  | Reached skill level 4 in Throwing
 21756 | Swamp:2  | Received a gift from Nemelex Xobeh
 22102 | Swamp:2  | Reached skill level 4 in Evocations
 22102 | Swamp:2  | Reached XP level 17. HP: 200/200 MP: 29/29
 22236 | Swamp:3  | Reached skill level 5 in Throwing
 22440 | Swamp:3  | Received a gift from Nemelex Xobeh
 22638 | Swamp:4  | Entered Level 4 of the Swamp
 22703 | Swamp:4  | Received a gift from Nemelex Xobeh
 22896 | Swamp:3  | Reached skill level 20 in Fighting
 22952 | Swamp:3  | okay, this must be some kind of a bug
 22952 | Swamp:3  | if I use X] on the stairs I've last climbed up, it shows me
                  | no monsters in the stairs' vicinity
 22952 | Swamp:3  | but if I descend, it's crowded there
 22952 | Swamp:3  | doesn't happen for stairs I travelled earlier
 22952 | Swamp:3  | the hell?
 22999 | Swamp:4  | yep, went down different stairs and NOW it shows monsters
                  | around that previous staircase properly
 22999 | Swamp:4  | wow
 23005 | Swamp:3  | but it does show monsters for this new staircase properly
 23005 | Swamp:3  | so why not for that one
 23005 | Swamp:3  | gotta check later if it's even reproducible
 23016 | Swamp:3  | Reached skill level 18 in Invocations
 23335 | Swamp:4  | Reached skill level 6 in Throwing
 23685 | Swamp:4  | Received a gift from Nemelex Xobeh
 23910 | Swamp:4  | Reached skill level 19 in Invocations
 24088 | Swamp:4  | Reached XP level 18. HP: 172/210 MP: 31/31
 24125 | Swamp:4  | Reached skill level 7 in Throwing
 24314 | Swamp:4  | Got a decaying rune of Zot
 24467 | Snake:1  | Entered Level 1 of the Snake Pit
 24478 | Snake:1  | time to die to shock serpents and those other serpents
                  | blinking allies
 24491 | Snake:1  | Noticed Donald
 24494 | Snake:1  | oh, eveningstar delivery service
 24494 | Snake:1  | hi donald
 24593 | Lair:3   | Killed Donald
 24598 | Lair:3   | ok, freezing's fine
 24637 | Snake:1  | Received a gift from Nemelex Xobeh
 24687 | Snake:1  | Identified the +8 rapier "Miphesch" {spect, rF+ Int+3}
 25291 | Snake:2  | Received a gift from Nemelex Xobeh
 25311 | Snake:1  | Reached skill level 8 in Throwing
 25450 | Snake:2  | Reached skill level 20 in Invocations
 25845 | Snake:2  | Received a gift from Nemelex Xobeh
 25926 | Snake:2  | Received a gift from Nemelex Xobeh
 26177 | Snake:3  | Noticed Saint Roka
 26192 | Snake:2  | Killed Saint Roka
 26193 | Snake:2  | Reached skill level 9 in Throwing
 26200 | Snake:2  | Upgraded the game from 0.32-a0-791-gfc315c9ecd to
                  | 0.32-a0-799-g95e1662365
 26393 | Snake:3  | Got the Vademecum on Pyromania
 26808 | Snake:3  | Received a gift from Nemelex Xobeh
 27062 | Snake:4  | Entered Level 4 of the Snake Pit
 27265 | Snake:4  | Reached skill level 10 in Throwing
 27279 | Snake:4  | Found Okloy's Antique Weapon Boutique.
 27373 | Snake:4  | Received a gift from Nemelex Xobeh
 27394 | Snake:4  | Found Ytawn's Book Shoppe.
 27396 | Snake:4  | Found Tuyqir's Weapon Emporium.
 27399 | Snake:4  | Found Ujydu's Assorted Antiques.
 27410 | Snake:4  | Bought a scroll of fog for 104 gold pieces
 27410 | Snake:4  | Bought a scroll of blinking for 195 gold pieces
 27412 | Snake:4  | Bought 5 silver javelins for 630 gold pieces
 27412 | Snake:4  | a bit expensive
 27531 | Snake:4  | Reached XP level 19. HP: 156/221 MP: 33/33
 27659 | Snake:4  | Reached skill level 21 in Invocations
 27926 | Snake:4  | Reached skill level 10 in Shields
 28417 | Snake:4  | Got a serpentine rune of Zot
 28718 | Vaults:1 | Entered Level 1 of the Vaults
 28737 | Vaults:1 | Received a gift from Nemelex Xobeh
 28825 | Vaults:1 | Reached skill level 5 in Evocations
 29108 | Vaults:1 | Reached skill level 6 in Evocations
 29390 | Vaults:1 | Reached skill level 7 in Evocations
 29770 | Vaults:1 | i have 14 scrolls of blinking
 29770 | Vaults:1 | did someone fuck something up in trunk?
 29777 | Vaults:1 | Reached skill level 8 in Evocations
 29894 | Vaults:1 | Received a gift from Nemelex Xobeh
 29979 | Vaults:1 | HP: 43/222 [slime creature (12)]
 30563 | Vaults:2 | You fall into a shaft and drop 1 floor!
 30666 | Vaults:3 | Reached skill level 11 in Throwing
 30800 | Vaults:3 | Received a gift from Nemelex Xobeh
 31052 | Vaults:2 | Reached skill level 21 in Fighting
 31239 | Vaults:2 | Reached XP level 20. HP: 206/234 MP: 34/34
 31315 | Vaults:2 | Found a staircase to the Crypt.
 31589 | Vaults:2 | Found Tioxamot's Distillery.
 32169 | Vaults:2 | Identified the +3 ring mail of Jigut {rElec Str+4 Int+2}
 32226 | Vaults:2 | Received a gift from Nemelex Xobeh
 32419 | Vaults:2 | Reached skill level 22 in Invocations
 32768 | Vaults:3 | Reached skill level 12 in Throwing
 32867 | Vaults:3 | Received a gift from Nemelex Xobeh
 33259 | Vaults:3 | Received a gift from Nemelex Xobeh
 33357 | Vaults:4 | Noticed Xtahua
 33369 | Vaults:4 | Killed Xtahua
 33797 | Vaults:4 | Found Inoqul's Antique Weapon Shoppe.
 33951 | Vaults:3 | Reached skill level 8 in Armour
 33951 | Vaults:3 | Reached skill level 8 in Dodging
 34769 | Vaults:4 | Reached skill level 9 in Armour
 34779 | Vaults:4 | Reached skill level 9 in Dodging
 34816 | Vaults:4 | Paralysed by a formless jellyfish for 1 turns
 35067 | Vaults:4 | Received a gift from Nemelex Xobeh
 35127 | Vaults:4 | Reached XP level 21. HP: 179/236 MP: 36/36
 35312 | Vaults:4 | 15 scrolls of blinking
 35312 | Vaults:4 | what the fuck
 35358 | Vaults:5 | Entered Level 5 of the Vaults
 35376 | Vaults:5 | Noticed a dread lich
 35384 | Vaults:5 | Killed a dread lich
 35402 | Vaults:5 | Reached skill level 10 in Armour
 35402 | Vaults:5 | Reached skill level 10 in Dodging
 35412 | Vaults:5 | Noticed a dread lich
 35425 | Vaults:5 | Killed a dread lich
 35637 | Vaults:5 | Found Naytrih's Assorted Antiques.
 35686 | Vaults:5 | Bought a potion of heal wounds for 145 gold pieces
 35686 | Vaults:5 | Bought a scroll of enchant weapon for 217 gold pieces
 35693 | Vaults:5 | Got a silver rune of Zot
 35699 | Vaults:5 | Upgraded the game from 0.32-a0-799-g95e1662365 to
                  | 0.32-a0-834-geaf45d8e21
 35871 | Vaults:5 | Reached skill level 11 in Shields
 36219 | Vaults:5 | Noticed a golden dragon
 36236 | Vaults:5 | Killed a golden dragon
 36348 | Vaults:5 | Received a gift from Nemelex Xobeh
 36409 | Vaults:5 | Found Cekhles's Antique Weapon Emporium.
 36457 | Vaults:5 | Identified the +7 chain mail of Neram {Will+ Str+2 Dex+4}
 36904 | Vaults:5 | Got the Discourse on Arenous Subspace
 36905 | Vaults:5 | Identified the +0 leather armour of Qoturuz {rF+++ rCorr
                  | Str-4}
 36940 | Vaults:5 | Reached skill level 13 in Throwing
 37020 | Vaults:5 | Identified the +2 scale mail "Xoyhy" {Will+}
 37268 | Vaults:5 | Identified the +4 war axe of the Enchanting Gods {speed,
                  | ^Drain rPois rC+++ SInv}
 37464 | Vaults:5 | Reached skill level 23 in Invocations
 37491 | Vaults:5 | Identified the +3 orcbow of Inference {drain, Will+ Int+3
                  | Dex-4 SInv}
 37497 | Vaults:5 | Noticed a dread lich
 37498 | Vaults:5 | Reached XP level 22. HP: 148/254 MP: 37/37
 37501 | Vaults:5 | Killed a dread lich
 37502 | Vaults:5 | Reached skill level 22 in Fighting
 37509 | Vaults:5 | this mark sure lasts long
 37610 | Vaults:5 | Found the +2 hat of the Bear Spirit {Spirit, Bear, *Rage
                  | Will++}
 37853 | Vaults:5 | HP: 41/254 [yaktaur captain/bolt (13)]
 37854 | Vaults:5 | wait what?
 37879 | Vaults:5 | HP: 33/254 [stone giant/large rock (39)]
 37880 | Vaults:5 | OF COURSe
 37880 | Vaults:5 | YOU WILL FUCKING HIT EVERYTHING
 37880 | Vaults:5 | BUT ONLY
 37880 | Vaults:5 | O N L Y
 37880 | Vaults:5 | when i'm low hp
 37880 | Vaults:5 | stupid shit
 38175 | Vaults:5 | Received a gift from Nemelex Xobeh
 38417 | Vaults:5 | Reached skill level 9 in Evocations
 38570 | Vaults:5 | Bought a wand of charming (3) for 208 gold pieces
 38570 | Vaults:5 | Bought a wand of iceblast (5) for 348 gold pieces
 38687 | Vaults:2 | Bought a potion of haste for 140 gold pieces
 38687 | Vaults:2 | Bought a potion of mutation for 112 gold pieces
 38687 | Vaults:2 | Bought a potion of mutation for 112 gold pieces
 38687 | Vaults:2 | Bought a potion of ambrosia for 112 gold pieces
 38847 | Depths:1 | Entered Level 1 of the Depths
 39063 | Depths:1 | Reached skill level 14 in Throwing
 39073 | Depths:1 | Found a gateway to Hell.
 39207 | Depths:1 | Received a gift from Nemelex Xobeh
 39428 | Depths:1 | Reached skill level 12 in Shields
 39710 | Depths:1 | Acquired the ring of Arrival {rF+ Will++ Stlth-}
 39836 | Depths:1 | Reached skill level 10 in Evocations
 39842 | Depths:1 | Received a gift from Nemelex Xobeh
 40367 | Depths:2 | HP: 49/254 [poisoned by a spriggan defender]
 40370 | Depths:2 | losing 1v1 against spriggan defender from full hp
 40370 | Depths:2 | HP: 24/254 [spriggan defender/+6 quick blade of venom (11)]
 40375 | Depths:2 | HP: 13/254 [poisoned by a spriggan defender]
 40533 | Depths:1 | nice
 40909 | Depths:2 | Noticed a golden dragon
 40935 | Depths:2 | Killed a golden dragon
 41111 | Depths:2 | Found a one-way gateway to a ziggurat.
 41357 | Depths:2 | Found a one-way gate leading to the halls of Pandemonium.
 41365 | Depths:2 | Reached XP level 23. HP: 243/263 MP: 38/38
 41385 | Depths:2 | Reached skill level 11 in Evocations
 41508 | Depths:2 | Found a one-way gate to the infinite horrors of the Abyss.
 41898 | Depths:2 | Found a radiant altar of Vehumet.
 41937 | Depths:2 | Reached skill level 17 in Maces & Flails
 42004 | Depths:2 | Reached skill level 15 in Throwing
 42186 | Depths:2 | Received a gift from Nemelex Xobeh
 42713 | Depths:3 | Noticed a caustic shrike
 42715 | Depths:3 | Banished a caustic shrike
 43121 | Depths:3 | Identified the +1 spear of Itups {drain, ^Fragile Dex+6}
 43191 | Depths:3 | Received a gift from Nemelex Xobeh
 43213 | Depths:3 | Noticed a golden dragon
 43218 | Depths:3 | Reached skill level 13 in Shields
 43219 | Depths:3 | Noticed a golden dragon
 43251 | Depths:3 | Killed a golden dragon
 43338 | Depths:3 | Killed a golden dragon
 43380 | Depths:3 | Noticed a golden dragon
 43504 | Depths:3 | Killed a golden dragon
 43506 | Depths:3 | Noticed a golden dragon
 43521 | Depths:3 | Killed a golden dragon
 43858 | Depths:3 | Found a corrupted altar of Lugonu.
 44066 | Depths:3 | Received a gift from Nemelex Xobeh
 44149 | Depths:4 | Entered Level 4 of the Depths
 44245 | Depths:3 | Reached skill level 16 in Throwing
 44323 | Depths:3 | HP: 43/266 [iron troll (21)]
 44325 | Depths:3 | HP: 12/266 [deep troll (13)]
 44326 | Depths:3 | i have no words
 44327 | Depths:3 | how is this character so weak
 44327 | Depths:3 | so fucking weak
 44327 | Depths:3 | i'd understand if it was zot, maybe
 44327 | Depths:3 | but it's just depths
 44327 | Depths:3 | what did they exactly change to make this so bad
 44327 | Depths:3 | are shields nerfed this much?
 44593 | Depths:4 | Noticed a caustic shrike
 44594 | Depths:4 | Noticed a caustic shrike
 44594 | Depths:4 | Noticed a caustic shrike
 44597 | Depths:4 | Killed a caustic shrike
 44597 | Depths:4 | Killed a caustic shrike
 44601 | Depths:4 | Killed a caustic shrike
 44687 | Depths:4 | Noticed a golden dragon
 44708 | Depths:4 | Killed a golden dragon
 44717 | Depths:4 | so many golden dragons and no scales
 44717 | Depths:4 | not like i'd be able to use them
 44717 | Depths:4 | but still
 44922 | Depths:4 | Upgraded the game from 0.32-a0-834-geaf45d8e21 to
                  | 0.32-a0-841-g4648e6c457
 44967 | Depths:4 | Reached skill level 23 in Fighting
 45140 | Depths:4 | Reached skill level 11 in Armour
 45247 | Depths:4 | Reached XP level 24. HP: 137/271 MP: 38/38
 45349 | Depths:4 | Received a gift from Nemelex Xobeh
 45494 | Depths:4 | Identified the amulet "Neazxiw" {rN+ Regen+ Dex+4}
 45509 | Depths:4 | oh, and now I can have the reflection shield
 45730 | Depths:2 | do you know there hasn't been even one ego cloak in the
                  | game?
 45730 | Depths:2 | crazy huh
 45730 | Depths:2 | do i go to elf or
 45730 | Depths:2 | nah, screw it
 45787 | Depths:4 | Found a gate to the Realm of Zot.
 45794 | Zot:1    | Entered Level 1 of the Realm of Zot
 45839 | Zot:2    | Received a gift from Nemelex Xobeh
 46109 | Zot:1    | Reached skill level 17 in Throwing
 46585 | Zot:5    | Entered Level 5 of the Realm of Zot
 46585 | Zot:5    | Received a gift from Nemelex Xobeh
 46587 | Zot:5    | i wonder if i can just blink to orb (lol)
 46655 | Zot:5    | Reached skill level 14 in Shields
 46663 | Zot:5    | HP: 32/272 [red draconian scorcher/bolt of magma[a white
                  | draconian stormcaller] (27)]
 46671 | Zot:5    | yep, no teleporting into
 46671 | Zot:5    | nope
 47038 | Zot:5    | Identified the +0 plate armour of Eternal Night {Regen+}
 47054 | Zot:5    | Noticed a curse toe
 47068 | Zot:5    | Killed a curse toe
 47357 | Zot:5    | Noticed a dread lich
 47358 | Zot:5    | yeah, the game made a choice for me
 47365 | Zot:5    | Noticed an orb of fire
 47367 | Zot:5    | Noticed a Killer Klown
 47377 | Zot:5    | Killed a Killer Klown
 47499 | Zot:5    | wew lad
 47499 | Zot:5    | also there are alarm traps on both entrances
 47570 | Zot:5    | Reached skill level 18 in Throwing
 47576 | Zot:5    | Received a gift from Nemelex Xobeh
 47611 | Zot:5    | Noticed a Killer Klown
 47620 | Zot:5    | Killed a Killer Klown
 47754 | Zot:5    | Upgraded the game from 0.32-a0-841-g4648e6c457 to
                  | 0.32-a0-859-gb0a091d592
 47810 | Zot:5    | Killed a dread lich
 47826 | Zot:5    | Gained mutation: You occasionally lose the ability to drink
                  | potions when taking damage. [an orb of fire]
 47828 | Zot:5    | Killed an orb of fire
 47831 | Zot:5    | Noticed a Killer Klown
 47832 | Zot:5    | Noticed a Killer Klown
 47860 | Zot:5    | Killed a Killer Klown
 47866 | Zot:5    | Killed a Killer Klown
 47894 | Zot:5    | Reached skill level 18 in Maces & Flails
 47947 | Zot:5    | Noticed an orb of fire
 47952 | Zot:5    | Gained mutation: Potions are less effective at restoring
                  | your health. [an orb of fire]
 47953 | Zot:5    | Gained mutation: Armour fits poorly on your strangely
                  | shaped body. [an orb of fire]
 47954 | Zot:5    | Killed an orb of fire
 47965 | Zot:5    | Reached XP level 25. HP: 68/287 MP: 38/38
 47975 | Zot:5    | Noticed an ancient lich
 47975 | Zot:5    | Noticed an orb of fire
 47975 | Zot:5    | HP: 46/287 [orb of fire/bolt of fire (37)]
 47975 | Zot:5    | Noticed a Killer Klown
 48279 | Zot:5    | Gained mutation: You sometimes lose the ability to drink
                  | potions when taking damage. [an orb of fire]
 48302 | Zot:4    | Killed an orb of fire
 48513 | Zot:4    | Reached skill level 19 in Throwing
 48691 | Zot:5    | Noticed an ancient lich
 48692 | Zot:5    | Noticed a Killer Klown
 48747 | Zot:4    | Killed an ancient lich
 48792 | Zot:4    | Killed a Killer Klown
 48793 | Zot:4    | Reached skill level 15 in Shields
 48849 | Zot:5    | Killed a Killer Klown
 48870 | Zot:5    | Noticed a Killer Klown
 48882 | Zot:5    | Killed a Killer Klown
 48990 | Zot:5    | Killed an ancient lich
 49060 | Zot:5    | Lost mutation: You sometimes lose the ability to drink
                  | potions when taking damage. [potion of mutation]
 49060 | Zot:5    | Lost mutation: Armour fits poorly on your strangely shaped
                  | body. [potion of mutation]
 49060 | Zot:5    | Gained mutation: Your spells are a little easier to cast,
                  | but a little less powerful. [potion of mutation]
 49060 | Zot:5    | Gained mutation: You are partially covered in iridescent
                  | scales. (AC +2) [potion of mutation]
 49060 | Zot:5    | Gained mutation: You are agile. (Dex +4, Str/Int -1)
                  | [potion of mutation]
 49061 | Zot:5    | Lost mutation: You occasionally lose the ability to drink
                  | potions when taking damage. [potion of mutation]
 49061 | Zot:5    | Lost mutation: You are partially covered in iridescent
                  | scales. (AC +2) [potion of mutation]
 49061 | Zot:5    | Lost mutation: You are agile. (Dex +4, Str/Int -1) [potion
                  | of mutation]
 49061 | Zot:5    | Gained mutation: You are partially covered in iridescent
                  | scales. (AC +2) [potion of mutation]
 49061 | Zot:5    | Gained mutation: You have large cloven feet. [potion of
                  | mutation]
 49176 | Zot:5    | Noticed a Killer Klown
 49190 | Zot:5    | Killed a Killer Klown
 49518 | Zot:5    | Lost mutation: You are partially covered in iridescent
                  | scales. (AC +2) [potion of mutation]
 49518 | Zot:5    | Lost mutation: Potions are less effective at restoring your
                  | health. [potion of mutation]
 49518 | Zot:5    | Lost mutation: You have large cloven feet. [potion of
                  | mutation]
 49518 | Zot:5    | Gained mutation: You are vulnerable to cold. (rC-) [potion
                  | of mutation]
 49518 | Zot:5    | Gained mutation: Your movements are slightly less
                  | encumbered by armour. (ER -2) [potion of mutation]
 49520 | Zot:5    | Got the Orb of Zot
 49549 | Zot:5    | HP: 56/287 [Ice Fiend[Milo Fuc] (13)]
 49551 | Zot:5    | Noticed Milo Fuc the pandemonium lord
 49641 | Zot:5    | Reached skill level 20 in Throwing
 49738 | Zot:1    | Noticed Riuh the pandemonium lord
 49750 | Depths:4 | Noticed Owawk the pandemonium lord
 49750 | Depths:4 | how much ev?
 49750 | Depths:4 | excuse me?
 49968 | D:9      | Noticed Axuugeg the pandemonium lord
 50149 | D:1      | Noticed Siwamew the pandemonium lord
 50149 | D:1      | god damn it
 50155 | D:1      | fuck off
 50156 | D:$      | Escaped with the Orb!

Illustrated notes ######## ##### ####.[....####...######### #...g.ggg@.......)))...... #.###.#.#.#.#.#.######.### #.##....†........# #.# #######.##.#.#.#.#.#.#.# #.# #ggg.).g##.............# #.# #.#################.#### #.# # ..# #.# # #### #.# # #.# # Turn 3726 on D:6: MISCAST MISCAST MISCAST #.#.#.#.#.######.###.# ..†........# #.# .#.#.#.#.#.# #)# ...........# #.# #######.#### #g# # ..# #g# #.############ #### #g# #.#........... #.# #......####### #@# ###.##.# #.#####.##.# #.....>.##.# #######..#######.# ..>..............# #######..######... #..# #..# ... #. #..# #...#. Turn 3754 on D:6: 4 out of 5 #........~P♣ ♣~~P.# #.~~~~~ ##.......P~P♣♣♣~P..# ##{~♣≈~~ #.......P~~~~P~~~..# #~~~♣♣♣♣ #.........P~~~~P...# ##~~~~♣♣♣ #............PPP..)# #~~~♣♣~♣♣ ###...............## ##~~♣~PP~~ #..............))# #~~♣~P~~P~ #................####~~~~~#~~~ #............@......~~~~~.###P #.................).~~♣~..# #. ....................P~P~P~.# #. .........###........~PP~~...... .........#:#........~~~P~..###. ........###........~.PP..## ## .#...#.....##..........## ###### ###...###### ##### Turn 8147 on D:10: wew ~.~%..............# ~~~~..........)...### #♣♣♣ ♣~~♣..#.............# ###~~~P ....................# ## ♣♣P~~~~~ ....................# #~♣♣~~P≈≈P~ ~.♣.................##♣P~~~≈≈≈≈~~ ♣♣~♣.♣..............#♣~~~~~P≈~~~~ ♣~~~♣~.............###~~~~~~~P~P~ ~♣~~~♣..........@.>..# ♣♣~†~..~.. ~P~~~♣÷~.............###......... ≈~♣~~~~♣♣........................ ≈~P~~~P~♣...............#....~..~ ≈~~~~~~♣♣............<.....~~~~~P ~♣~~~~♣~...........#..[#...#♣♣~~♣ ~~~~~♣♣.............÷.......#♣♣♣♣ ~~~~~~♣........#.............. ~♣~~~.......|......~.......... Turn 8873 on D:10: i have 2 in alchemy, 3.5 in armor and 12 in maces and it still tries to give me spellcaster items ~.~%..............# ~~~~..........)...### #♣♣♣ ♣~~♣..#.............# ###~~~P ....................# ## ♣♣P~~~~~ ....................# #~♣♣~~P≈≈P~ ~.♣.................##♣P~~~≈≈≈≈~~ ♣♣~♣.♣..............#♣~~~~~P≈~~~~ ♣~~~♣~.............###~~~~~~~P~P~ ~♣~~~♣..........@.>..# ♣♣~†~..~.. ~P~~~♣÷~.............###......... ≈~♣~~~~♣♣........................ ≈~P~~~P~♣...............#....~..~ ≈~~~~~~♣♣............<.....~~~~~P ~♣~~~~♣~...........#..[#...#♣♣~~♣ ~~~~~♣♣.............÷.......#♣♣♣♣ ~~~~~~♣........#.............. ~♣~~~.......|......~.......... Turn 8875 on D:10: at least this is something useful, I guess ........>.## ##### ...........###.#.###### #########.............# #..............# ##.............# #...####.#.##.....# #........### .....# #.........## .....# .........@..# #...... ......~P~~S†~# ...... ......~~~~~~♣# ...... ...♣~~≈~♣~ P###~~≈~~#~ ##♣♣P# ## ### Turn 11361 on Lair:1: HIT IT YOU FUCKING MORON ........>.## ##### ...........###.#.###### #########.............# #..............# ##.............# #...####.#.##.....# #........### .....# #.........## .....# .........@..# #...... ......~P~~§†~# ...... ......~~~~~~♣# ...... ...♣~~≈~♣~ P###~~≈~~#~ ##♣♣P# ## ### Turn 11363 on Lair:1: almost killed by an electric eel ..###.#.###### .............# .............# .............##### ...####.#.##.....# ........####.....# ........## #.....######. .........# ##........... ..~P~~††~# #...@....... ..~~~~~~♣# #............ ..♣~~≈~♣~ ##........... ###~~≈~~#~ ##.####P###. ##♣♣P# ## ### ## ### Turn 11376 on Lair:1: "you don't understand, you HAVE to use a consumable here" #..# #.. #).# #..# #.<# #..# #†.# # #..# #..# #. #..# #..# #.###..######..# #......))......##### #......@.............. #.....)#####.......... #......# #.......... #......# #.......... #......# #.......... #....... ........... #........ ............ #........# ##....... #......).# Turn 18044 on D:13: that's not better is it

.................# #...###.......
.................###.............
.................................
....)............................
.................................
##.........#+####.....#####'###..
.#.........#....#.....'.......#..
.#.........'....#.....#.......#..
.#.##......#....@.###.#.......#..
.#. #......#....#.# #.#.......#..
.#. #......#....#.###.#.......#..
.# .. #....#.....#.......#.. .#
... ########.....#.......#.? ##
... ##.....##.....######..#..
###'#####.......############..##.
...##.....#####.>#........##...#.
..##..†##.......##........##...#.


Turn 20296 on D:15: 10/11/12 defences, let's go ♣.§†~~~~~~~~♣♣ ♣.~.~[.....~♣♣.♣.
♣..<.)♣~.~~.♣♣... ♣.~~~~.~~~~.♣♣/.♣♣ ♣..~~.~♣♣...♣♣.~.♣ ♣.~~~~~..♣♣~♣~.~.♣♣
♣.~~~~~..>.~~~~~§~♣♣ ♣.♣~).♣♣...♣..~~...♣ ♣~~~§.♣♣♣♣..~~§@..♣ ♣~~.~~♣ ♣♣..~..♣♣♣
♣♣♣..♣ ♣♣.~.♣♣ ♣♣. ♣♣[.♣ ♣. ♣.♣♣ ♣♣♣ Turn 21308 on Swamp:1: 12/11/12!
♣.~....~~.~~~. ♣~~.~~.~~~~~~...~~~~~~ ♣.~...~~...~....>~~~~~
♣.~~~~~~.~...~.~♣.n..♣ ♣.~.~~~~.~~~~~.~~°~~♣♣♣ ♣♣~~.~~~~~.~..~..°~~...♣
♣~~§.~~~~~.~~~♣..°.~~~.~ ♣♣~♣.~...~.~.~..°~.§♣~.~ ♣.§†~~~~~~~~♣♣@~~.~~.~~
♣.~.~[.....~♣♣.♣.....~♣ ♣..<.)♣~.~~.♣♣...♣♣♣.. ♣.~~~~.~~~~.♣♣..♣♣
♣..~~.~♣♣...♣♣.~.♣ ♣.~~~~~..♣♣~♣~.~.♣♣ ♣.~~~~~..>.~~~~~~~♣♣ ♣.♣~).♣♣...♣..~~...♣
♣~~~§.♣♣♣♣..~~~~..♣.♣ Turn 21317 on Swamp:1: could be even better but I'm
waiting with my scrolls ♣♣.~~...>♣♣~~~~~~~~~~.♣♣ ...~.~♣♣♣♣♣~~~~~~~§÷~~♣
~~...♣♣♣ ♣♣♣§..~~.~..♣♣ ~~~~♣♣~♣ ♣♣♣~~.~....§♣ ~♣~..~~♣♣ ♣♣~..~~~..~~[♣♣
^~♣.~... ♣~~~~~~~~..~.~♣ ~~~.~.♣♣♣♣♣.~~~~..~<♣~..♣♣ ♣♣.~~~~♣♣~..~~§†.†..♣.§~.♣♣
..~~~~.♣♣♣~.~~§i@.....~§~~♣ ..~~~~~♣♣♣...~§~~.~~~.~~~♣
..~~~.♣♣♣§.~~..§..§~~....♣ ♣~.~♣♣♣ ~..~~.~~..~~.~§..♣ ♣♣♣♣♣♣♣ ~♣♣~..~~..~~.~~.~♣
♣♣♣♣.~♣ ♣♣♣♣.........♣♣♣ .~....♣ ♣♣.~~~§.~♣♣ ~....♣♣♣ ♣.~~~~~~.♣ ~.~~~~.♣
♣....~~.~♣ Turn 22952 on Swamp:3: okay, this must be some kind of a bug
.~~~~~§~~~~.♣♣♣♣♣♣.~.. ♣♣ ..~~~~~~~~~.~♣♣~..~~~.♣ ♣ §~~..~..~~~~....~~~~~k♣♣ ♣♣
♣...~~~..~~~~~~~.~~~~~.♣ ♣~ ♣§..~~~~~~~~~~~~.~~~~~~. ♣~~~~
♣.~~~~~~..~~~~~~~~~~~~~$ ♣.~~F §~~~~~~~~....~~~...~..~♣ ♣♣.k~
~~~~.~~~~.~♣♣.~.~♣♣.~~~. ♣§~~ ~~~~~.~~~~♣♣♣~@.♣♣ .~~~. ♣v.~ .~~♣~.~~.♣♣♣♣..♣♣
~~.~ .♣~~ ♣≈♣♣.~♣♣♣~~~~.♣ ♣♣♣♣ ~~.~~ ♣≈≈≈≈≈♣~....~~~.♣ ♣≈≈≈≈≈♣♣.......♣♣ ≈≈≈≈≈≈
♣♣~♣♣♣♣♣♣ .≈≈≈≈≈ ♣~~~♣ .♣≈≈≈≈ ♣.~~~♣ ♣♣≈≈♣ ♣♣~~♣♣ Turn 22999 on Swamp:4: yep,
went down different stairs and NOW it shows monsters around that previous
staircase properly ♣.....♣♣~~.~..~~~.~~.... ♣♣.~~~.♣.~~~~~.~♣~.~~~~..
♣~~~~..~.~~~~~÷.♣♣♣♣..~~§ ♣.~~~...♣♣♣.~~~~♣♣~♣♣§.~~ ♣.~~~...♣♣♣..♣♣♣♣♣..~.♣♣.
♣♣....~.♣♣.~~>♣♣♣.~~...♣~ ♣♣♣...~~~~.~.....~~....~ ♣♣~.~~~~.~<.....~~~~..~~
♣~~~~~~@÷.....~..~~~.~~~ ♣~~~~~..~~~~..~♣~~§.~~~~ ♣..<~~~~~~~~~.~~~~~~~~~.
♣♣...~~~~~~~~~..~~~~~.... ♣.§~.~~~~~~~~~........♣.. ♣.~~..~~~~~~~.~~.~...~~~.
♣♣...~~..~~~§=♣♣~~♣..~~~~ ♣§♣♣♣♣♣♣..~~~♣♣♣♣~♣♣...§ ♣...♣ ♣~.~~~.§~~§♣♣♣~.. Turn
23005 on Swamp:3: but it does show monsters for this new staircase properly
.#.....## N........## ..........# ...(......# ..........# ..........#
..........# .........# .#....@## ......[..# ...###.#....# ## ...####..... .....
.... ...#.. ... ##.##. .. # .. . Turn 24478 on Snake:1: time to die to shock
serpents and those other serpents blinking allies ....#.....## ...........##
............# .....(......# .)..@.......# ............# .N..........#
......N....## ....#..NN@## #.......[..#### .....###.#..N.# ..##. ...####.....# .
......# ..... ....#... .... ..##.##.# ... # ... .. #. . Turn 24494 on Snake:1:
oh, eveningstar delivery service ..........## *#.....* .#.....#..###*P....##
.#........#.###.....* .+...........######## ............###≈≈≈##
..#P.###...##≈§.≈≈§## ...........#.§.)..≈≈# ........##.)....>.≈§#
......######.≈.3@R§≈# ......# ###≈..≈§## ......# ####≈≈§## ......## #.#######
.......#####.#.....# ...>...#(##........# ...#...+_.#..P.....#
.......#W##..P.....## .......###..........# Turn 24598 on Lair:3: ok, freezing's
fine #..##..#.# #.....#..# ##.##..#.# .#........# #.#)..#.## ##.#...##...#
#.....#..# #..###. #...# ###...#..###..# ##.#..<# ..###...#...# #<....#### .##
##.###.## #..#....... #.###.#.......#.###......#. #.......∩.@.∩........#...))
####.#.......#.###......)) ####.###.## ...#...... #... ...# ....##..... #..#
#..#####$....... #..# #..# ......... #.## ##.# ........# #. .# .........
......... Turn 27412 on Snake:4: a bit expensive ..#........ ).#......#######
.)#.....##.....## ).#....##..##...## ..#....#..##..#..# ..#....#.##...##.#
###....#. #...##.# #....#.##...##.#### #....#..#..##.@T..# #....##...##..##....#
#.....##..).)## .T.... #......#####)# .Tp.. #...........)# ..... #.........).##
.... #...........# .... #...........# #...........### Turn 29770 on Vaults:1: i
have 14 scrolls of blinking #.ßßß #..ßß #...ß #..ß. #...ß #.ß.. #############
#ßß.. #...........# #ßßß. #......@....# ##### #...........# #... #...#########
#..# #...#...#### #..' #...#...'..# #..' #...#...#..# #..# #...######)## #...
#.........).# #######'# #...........# #........ Turn 35312 on Vaults:4: 15
scrolls of blinking ################### ........D...e.).).# ÷........c...c....#
##############)...# ...............pp.# ..)............#Co# #############..#o)#
...............#@.# ...............#..# #############..#..# ..........[?#..#..#
..........[.#..#..# #############..#..# ...........).).#..# ...............#..#
#############..#..# Turn 37509 on Vaults:5: this mark sure lasts long
#..#..#..###### #..#..#..# #..#..# #..#..# #..#.?# #..#..# #..#..# #W.# #.@# .
#†)# H.. #c.#..### #......... #............ #....######## #..... #..... #######
Turn 37854 on Vaults:5: wait what? #....############## #..................
#.................. #.................. #.................. #...C##############
#..)......... #..#......... #.@#..######## #..#.......... #..#..........
#..#..######### #..#........... #..#..C........ #..#..#..###### #..#§.#..#
#..#..# Turn 37880 on Vaults:5: OF COURSe #.####..# #....)..# ###+#######'######
.............÷)[<# ...............÷.# ..............?.(# .................#
#####...#######..# ..♣...♣..@♣♣#..+ ♣...#...♣.i♣#..# ♣♣♣#.#♣♣♣♣♣D#.^#
..#...♣).♣#.## ..♣...♣∩..♣♣ ## ##.###### ..i .u. ...CD Turn 40370 on Depths:2:
losing 1v1 against spriggan defender from full hp #.# # #.# # ###.## # #....# #
####.# # #.# # #####'##### # #...[.....# # # #..[@[....# # # ######...[.....# #
## #.^..'.........# # .## #.####.........# # ..######. #.........# # #........
#.........# # #.####### #......:..# ..# ###'####### #.# #.# ######### Turn 40533
on Depths:1: nice ###....###...............###### ###.....####........##...#
..........##........##...### .....PP...PPPPPP...........#
.....P.P.P......[#.###.....# .....P.P.P.....P##.#...)...#
.......P.P...P.P##.#####.#.###### ###.#P.P...PP..P#T.# #.#......#
#.#P...P.....P@T.# #.######.# #.#P...PP..P.P#### #.# .# #.#P.P.......P# #.# .#
#.#P.P...PPP.P# #.# .# #.#P...P.P...P# #.. .# #.#PPPPP.PPP.P# ### ##
#.#P.........P# #..PPP.PPPPPPP .. Turn 44326 on Depths:3: i have no words
#########....###...............## # ####.....####........##...# #
#..........##........##...## # #.....PP...PPPPPP...........
#.....P.P.P......[#.###..... #.....P.P.P.....P##.#...)...
#.......P.P...P.P##.#####.#. ####.#P.P...PP..P#[.# #.#. #.#P...P@....PTT.# #.##
#.#P...PP..P.P#### #.# #.#P.P.......P# #.# #.#P.P...PPP.P# #.# #.#P...P.P...P#
#.. #.#PPPPP.PPP.P# ### #.#P.........P# #..PPP.PPPPPPP .. Turn 44327 on
Depths:3: how is this character so weak .##D#.# #. ... ..##.. #.. ..##.# #.#
#.##.# #.#####.# #.##.# ####+## ........# #.##.# #...... ...####)#
#.##.####...... #.###.......+...... #.@.).##'####....# #.#####....=.....# #..#
#..........# #..# #..........# #..# #.......<..# #... +..........# #..#
#......###+# ##.# #......###.## #.# #......'..... Turn 44717 on Depths:4: so
many golden dragons and no scales #'##.# #...... .#######.##.# #...)..
..∩....#.##.####.#...).. .................#...... #######.###.####.#....[. #.#
#......'...... #"# ####.###...... #.# #.# #...... #@######.###......
#...........#...... ....######.#.#...... ###..# #...'...... #### #####......
#...... ####### Turn 45509 on Depths:4: oh, and now I can have the reflection
shield ##.##.......##[................## ...##.......'...#######.####.#.##
#####.......###.# #.#.## ....+.......# #.# #.#... #####.......# #.# #.####
............# #.# #.# # ...##''##...###'#######+####'####
..##....##....................).. ..#......##.....@................
..........#...................... .'........'......................
.'.[.∩....'............#######... ..........#............#♣♣...♣...
..#......##............#♣..♣...#. ..##....##.............#.♣♣♣♣♣#.#
...##''##...######+#...#♣..♣...#÷ ............# . +...#♣♣...♣..[ Turn 45730 on
Depths:2: do you know there hasn't been even one ego cloak in the game? ,**
*,,,,,,,,,,,* ,,*******#..##....##.### ,,,,,*,,,...###...##.###
,,,,,,,^*###.##...##.### ,,,,,,,,*###.##...###.## ,,,**,,,,####......#..##
,*,,*,,*,.###.........## ,**,*,***..##.........## ***,,,***#...D..@#####.#***
******,**#...#...#####..,,* **,* *,,,.#..#...#####.#*** *,****,*,.##.....#####.#
*,,,,,***.##.....#####.# *********##############▓ ,,* **,....$........## ,**
**,,........[.....#* ,* **,,,,,,,,,,,,,,,,,^** Turn 46587 on Zot:5: i wonder if
i can just blink to orb (lol) ,,####.##...###.## ,,.####......#(.##
,*..###.......).## **#..##........)## **##......<#####)####
,*##...#...#####.)..# ,,..#..#...#####.#### ,*..##.....#####.#
**#.##.....#####@# **###############▓ **.....$........## *,.........[.....#*
,,,,,,,,,,,,,,,,,^** ,,,,,,,,,,,,,,,^,,,* ,,,,,,,,,,^,,,,,,,,*
,,,,,,,,,,,,,,,,,,,* ,,,,,,,,,,,,,,,,,,,* Turn 46671 on Zot:5: yep, no
teleporting into ###.###..##.##..##....###..[.. ***#..##
#..##)...##..####*##.... #.....# *#.###..##....# *,**#....
#####.#**..#*#..###.#.#***,##.... ##.*#..##...# #.#..,,,,#....#
***#*###########▓▓▓▓**######.# **,,,,,.........## *.........
**,,,,,,..........## *#........ **,,^,,,,......L@...#* #........
*,,,,,,,,.......dq...# ##....... *,,,,,,,,......).....# #....^.X
*,,,,,,,,.q.....^..^.# *#....... *,,,,,,,,.......d....# *....^...
*,,,,,,^,......d.....# **........ *,,,,^,,,............#**,,.......
**,,,,,,^.^.........##*,,,*###### **,,,^,,,,,,,,,,^,**,,,,** Turn 47358 on
Zot:5: yeah, the game made a choice for me .......########..##....##.###
..........#......###...##.### ............^####.##...##.###
.............####.##...###.## ........##....####......#..##
....).#..#..#..###.......).## ......##.#.###..##........)##
.....###...####......<#####)#### .....#*####)###.@.#...#####.)..# ...###*,*
#.)..#..#...#####.#### ..#.##.####.#..##.....#####.#
#...##.....###.##.....#####.# ########▓▓▓▓*###############▓ .......#
**.....$........## ......## **,.........[.....#* ......# **,,,,,,,,,,,,,,,,,^**
.....## *,,,,,,,,,,,,,,,,^,,,* Turn 47499 on Zot:5: wew lad .'...........#
#.#............ .##.#######..# #.#)........... .##.<.# #.#######'#............
.####'## ##.# #...............### ........ .....#...............#..
#####..#'#..#.#.<....######+###.# #~~~..## ##..&#......# .....# #~~..##
##....4....# ###.. ##..## ##...@....##..# ### ...### ###.......##..# .^##.##
##.##......##..# #### .##...## ##..)##.....##..#####... .'..∩..#
#.)∩..'.....##.......... .##...#####...##.....##...≈≈≈....
..##.###.###.##......##...≈≈≈§§.. ...####...####.......'....§≈§§≈≈≈
##..##..∩..##........##...≈≈§≈≈≈≈ Turn 49750 on Depths:4: how much ev? †#
##.⌠....⌠....⌠.###.#.#####.#. .# #...............##........... .#
#..⌠...⌠...⌠...⌠..###.####.### .##....(............. #.........
.#......⌠.......⌠.... #.####.### .#..........⌠........ #.# ..†. #
.##.................. #.#.##.# # .###########.###########.# #.# #
..........÷.....@.###..(.#.##.# # ########....####......÷....##.. # #....#
#......########### #....# ##&#.>............. #....# #..1..#[########### #....#
#.....#... ..# #....# #L...X######.# ###### #.........##.# ##
#......##.##.#####. Turn 50149 on D:1: god damn it
................................# ......# ########......#####.##.# ......#
#.........÷...#.# .÷....# #......#####..#.# ......# ###'#### #..#.# ......#
#.########..#.# ÷.....# #####..(.....#..#.# #.....# ##.>.########.#..#.# ####.##
##..@..## #.#..#.. #†# ##.......## #.#..### ## #.# ##..⌠...⌠..## #.#[.### .###.#
##...........## #.#..... ..÷#†# ##.⌠....⌠....⌠.###.#.#### ##...#
#...............##....... ###.# #..⌠...⌠...⌠...⌠..###.####
#.##....(............. #..... #.#......⌠.......⌠.... #.#### Turn 50155 on D:1:
fuck off

Levels and vault maps discovered:
D:1:      dpeg_arrival_lava_temple_mockup, layout_basic, st_stairs_9,
          skrybe_limestone_x
D:2:      layout_loops_ring, hellmonk_ecumenical_altar_zigzags,
          chequers_serial_rivers_large_b, hangedman_decor_clover_reticule,
          minmay_misc_feat_ornament, uniq_sigmund
D:3:      layout_loops_cross, kennysheep_vampire_church, lemuel_doored_altar,
          mainiacjoe_overflow_large_starburst
D:4:      layout_cave_pods, ebering_ghost_disaster_area, uniq_eustachio
D:5:      layout_basic, minmay_increasing_density
D:6:      layout_loops_ring, minmay_temple_entry_large_hall,
          cheibrodos_sewer_entry_bend, minmay_misc_feat_pillars
D:7:      layout_gridville
D:8:      layout_rooms, gammafunk_temple_overflow_wave, enter_bailey_4,
          grunt_decor_resistance
D:9:      layout_rooms, uniq_pikel
D:10:     kennysheep_kobold_lugonu_temple, layout_cross, lemuel_tele_altar,
          hellmonk_lair_entry_icy, serial_bayou, serial_bayou_pond_e,
          serial_bayou_lagoon_a, serial_bayou_pond_d, serial_bayou_ford_a,
          serial_bayou_pond_c, serial_bayou_lake_a, item_on_display_a,
          uniq_erolcha
D:11:     layout_roguey, orc_david_3, enter_trove_2, nicolae_clarity_for_sale,
          uniq_nergalle
D:12:     layout_stronghold, chequers_mini_garden,
          serial_library_hellmonk_junction, uniq_snorg, uniq_maurice
D:13:     layout_small_grid, uniq_nessos, uniq_josephine
D:14:     layout_rooms, hellmonk_vaults_attempted_burglary,
          kennysheep_crisscross
D:15:     grunt_enter_depths_hoard, layout_stronghold, grunt_gozag_breadcrumbs
Temple:   bh_familiar_temple
Lair:1:   layout_cellular_growth, small_statue_intersection, grunt_megastairs_5,
          lemuel_fruit_fields, serial_bayou_shore_a, serial_bayou_shore_b,
          serial_bayou_shore_b
Lair:2:   cheibrodos_lair_overgrown_chateau, layout_layer_cave,
          beast_lair_carwin_2, serial_bayou_shore_b, uniq_prince_ribbit2
Lair:3:   layout_chaotic_city, swamp_mist_pool,
          nicolae_snake_entry_warm_welcome, ebering_ghost_xom
Lair:4:   layout_layer_cave
Lair:5:   cheibrodos_lair_end_hotspot, layout_gridlike, slime_entry_1,
          hellmonk_guarded_unrand_zhor, serial_bayou_shore_b, uniq_rupert
Swamp:1:  layout_falls_marsh, gammafunk_ghost_arena,
          nicolae_swamp_dense_foliage, infiniplex_staircase_pool
Swamp:2:  layout_basic_swamp, evilmike_swamp_ruin_rubble_2, swamp_pool_1_2
Swamp:3:  layout_basic_swamp, evilmike_swamp_ruin_house_1
Swamp:4:  swamp_fiery, layout_basic_swamp, swamp_pool_1_2,
          evilmike_swamp_ruin_house_2
Snake:1:  layout_rooms, uniq_donald
Snake:2:  layout_onion_interference
Snake:3:  layout_onion_interference, nicolae_large_snake_swirl, uniq_saint_roka
Snake:4:  minmay_snake_end_coiled, layout_misc_corridors, serial_shops, shop,
          minmay_shop_star
Orc:1:    layout_caves, serial_shops, nicolae_shop_rolled_up,
          einodemon_armed_red_devil_minivault
Orc:2:    grunt_orc_gardens, layout_diamond_mine, grunt_orc_garden,
          grunt_orc_garden, grunt_orc_garden, grunt_orc_garden
Vaults:1: nicolae_vaults_little_ls, nicolae_vaults_house_3,
          ontoclasm_vaults_misaligned, v_misc_31, ontoclasm_vaults_eye,
          vaults_room_grunt_arrival_ludios, layout_vaults_quadrants
Vaults:2: minmay_crypt_entry_simple_sparse, nicolae_vaults_gold_heap,
          vaults_mumra_bighexcomb, hangedman_vaults_capsules,
          nicolae_vaults_diagonal_hallway_7, nicolae_vaults_sightless_eye,
          nicolae_vaults_apartment_2, grunt_vaults_bifocal,
          hangedman_vaults_river_flow, nicolae_vaults_three_branches,
          grunt_vaults_hallway_long, nicolae_vaults_double_plus_2,
          vaults_dpeg_spiral, grunt_vaults_hallway_short, vaults_room_pools,
          v_misc_17, ontoclasm_vaults_shuriken, layout_vaults_omnibox,
          serial_shops, shop
Vaults:3: v_misc_3, nicolae_vaults_wrenched, v_pattern_3,
          nicolae_vaults_little_squares_2, hangedman_vaults_corner_blocks,
          nicolae_vaults_shelves_hall, nicolae_vaults_apartment_2,
          layout_vaults_big_room
Vaults:4: nicolae_vaults_security_offices_5, nicolae_vaults_disjoint_gnomons,
          grunt_vaults_swirl, vaults_room_pool,
          vaults_mumra_minichess_inversion, v_misc_30,
          nicolae_vaults_storage_closets_1, nicolae_vaults_apartment_2,
          minmay_orc_keep, nicolae_vaults_house_3,
          nicolae_vaults_layer_cake_slice, ontoclasm_vaults_decontamination,
          nicolae_vaults_storage_room_statues, layout_vaults_ring, serial_shops,
          nicolae_shop_statue_plus, uniq_xtahua
Vaults:5
Depths:1: layout_gridlike, serial_shops, kennysheep_mini_moat,
          chequers_serial_rivers_room_a, lightli_too_deep, kennysheep_boxes
Depths:2: nzn_winding_woodlands_small [nzn_winding_woodlands_5x15_twine,
          nzn_winding_woodlands_center_garden,
          nzn_winding_woodlands_5x15_river_crossing], layout_gridlike,
          enter_ziggurat_a, rand_demon_pan_entry_5, abyss_entry_crystal,
          hell_entry, lemuel_crystal_altar, grunt_ministairs_5
Depths:3: minmay_the_grid_square_5x5_4x4_mashed [minmay_the_grid_square_5x5_two,
          minmay_the_grid_square_5x5_detours,
          minmay_the_grid_square_5x5_three_walls,
          minmay_the_grid_square_5x5_shrine2, minmay_the_grid_square_5x5_eight,
          minmay_the_grid_square_5x5_prize_junk,
          minmay_the_grid_square_5x5_prize_rear_guard,
          minmay_the_grid_square_5x5_three_small,
          minmay_the_grid_square_5x5_corner,
          minmay_the_grid_square_5x5_prize_pseudospiral,
          minmay_the_grid_square_5x5_prize_snowflake,
          minmay_the_grid_square_5x5_minibox, minmay_the_grid_square_5x5_six,
          minmay_the_grid_square_5x5_inverted_slash,
          minmay_the_grid_square_5x5_doubleslash,
          minmay_the_grid_square_5x5_seven], layout_basic,
          hangedman_coc_ice_floe, abyss_entry_flame_altar, minmay_hedge_maze
Depths:4: evilmike_zot_entry_diamond, layout_gridlike, abyss_entry,
          grunt_hell_entry_dis_old, infiniplex_staircase_pool_lava,
          minmay_shop_grove
Zot:1:    dreamdust_black_sun_cult, layout_misc_corridors,
          hangedman_spider_trapstep
Zot:2:    layout_concentric_octagons
Zot:3:    layout_concentric_octagons, bh_zot_levy_curve
Zot:4:    layout_concentric_octagons
Zot:5:    layout_cathedral_of_symmetry

Skill      XL: |  1  2  3  4  5  6  7  8  9 10 11 12 13 14 15 16 17 18 19 20 21 22 23 24 25 |
---------------+----------------------------------------------------------------------------+-----
Fighting       | 2 3 4 5 6 7 8 10 11 13 15 16 19 20 21 22 23 | 23.0
Maces & Flails | 1 3 5 6 8 10 12 13 14 16 17 18 | 18.7
Invocations    | 3 5 6 9 12 14 16 17 19 20 21 22 23 | 23.4
Shields        | 4 7 8 9 10 11 12 13 14 15 | 15.2
Dodging        | 3 4 6 7 9 10 | 10.0
Armour         | 3 4 6 7 9 10 11 | 11.2
Throwing       | 2 4 6 10 11 12 13 14 16 18 20 | 20.0
Evocations     | 4 8 10 11 | 11.1
Stealth        | |  1.4
Spellcasting   | |  2.4
Conjurations   | |  0.8
Alchemy        | |  2.6

Action                     |  1- 3 |  4- 6 |  7- 9 | 10-12 | 13-15 | 16-18 | 19-21 | 22-24 | 25-27 || total
---------------------------+-------+-------+-------+-------+-------+-------+-------+-------+-------++-------
  Melee: Unarmed           |    11 |       |       |       |       |       |       |       |       ||    11
         Headbutt          |     8 |     2 |    59 |   154 |   497 |   308 |   502 |   618 |    84 ||  2232
         Short sword       |    16 |       |       |       |       |       |       |       |       ||    16
         Flail             |    14 |    44 |   305 |   669 |  1019 |   695 |       |       |       ||  2746
         Morningstar       |       |       |    30 |       |   715 |       |       |       |       ||   745
         Dire flail        |       |       |     6 |    10 |       |       |       |       |       ||    16
         Giant club        |       |       |       |    21 |       |       |       |       |       ||    21
         Eveningstar       |       |       |       |       |       |   475 |  1506 |  1708 |   231 ||  3920
         Kick              |       |       |       |       |       |       |       |       |    53 ||    53
  Throw: Large rock        |       |       |       |       |       |     6 |    13 |    48 |    67 ||   134
         Dart              |       |       |       |       |       |       |     1 |       |       ||     1
         Boomerang         |       |       |       |       |       |       |     5 |       |       ||     5
         Javelin           |       |       |       |       |       |       |       |     4 |       ||     4
   Cast: Sting             |    34 |    26 |    17 |     9 |       |       |       |       |       ||    86
         Mercury Vapours   |       |     3 |    13 |     6 |       |       |       |       |       ||    22
 Invoke: Draw Destruction  |       |       |       |     9 |    23 |    17 |    21 |     9 |       ||    79
         Draw Escape       |       |       |       |       |     3 |       |       |     1 |       ||     4
         Draw Summoning    |       |       |       |       |     3 |     4 |     4 |     4 |       ||    15
         Triple Draw       |       |       |       |       |       |       |       |     1 |       ||     1
         Deal Four         |       |       |       |       |       |       |       |     1 |       ||     1
  Evoke: Wand              |       |       |       |       |     5 |       |    13 |    15 |    13 ||    46
         Condenser vane    |       |       |       |       |       |       |       |     3 |       ||     3
         Box of beasts     |       |       |       |       |       |       |       |     2 |       ||     2
         Lightning rod     |       |       |       |       |       |       |       |     4 |       ||     4
         Phial of floods   |       |       |       |       |       |       |       |     1 |       ||     1
    Use: Scroll            |       |     4 |     7 |    10 |    12 |    12 |     4 |    22 |     8 ||    79
         Potion            |       |       |     4 |     4 |     4 |     1 |     4 |    12 |    12 ||    41
   Stab: Sleeping          |       |     2 |     4 |     2 |     5 |       |       |       |       ||    13
         Distracted        |       |       |       |     1 |     4 |     1 |     2 |       |       ||     8
 Armour: Robe              |    38 |    89 |   296 |   100 |   131 |       |       |       |       ||   654
         Acid dragon scale |       |       |       |   520 |   597 |   515 |       |       |       ||  1632
         Animal skin       |       |       |       |       |   274 |       |       |       |       ||   274
         Fire dragon scale |       |       |       |       |       |   388 |  1005 |   204 |       ||  1597
         Storm dragon scal |       |       |       |       |       |       |       |  1210 |   232 ||  1442
  Dodge: Dodged            |    35 |    38 |   154 |   309 |   613 |   377 |   354 |   443 |    65 ||  2388
  Block: Other             |     3 |     2 |       |       |       |       |       |       |       ||     5
         Reflection        |     1 |       |       |       |       |       |       |     2 |     6 ||     9
         Kite shield       |       |       |       |   157 |   995 |   619 |   665 |   847 |   140 ||  3423

Table legend: (Time is in decaauts)
 A = Elapsed time spent in this place.
 B = Non-inter-level travel time spent in this place.
 C = Inter-level travel time spent in this place.
 D = Time resting spent in this place.
 E = Time spent auto-exploring this place.
 F = Levels seen in this place.
 G = Mean time per level.
                   A        B        C        D        E       F      G
               +--------+--------+--------+--------+--------+-----+--------+
         Total |  48642 |  41671 |   6971 |  10776 |     79 |  47 | 1034.9 |
       Dungeon |  13188 |  10659 |   2529 |   1274 |     58 |  15 |  879.2 |
        Temple |     43 |      3 |     40 |      0 |      0 |   1 |   43.0 |
          Lair |   6270 |   4819 |   1451 |   1043 |      0 |   5 | 1254.0 |
         Swamp |   2984 |   2712 |    272 |    631 |      0 |   4 |  746.0 |
     Snake Pit |   3810 |   3544 |    266 |   1229 |      0 |   4 |  952.5 |
  Orcish Mines |   1242 |   1044 |    198 |    107 |      0 |   2 |  621.0 |
        Vaults |   9805 |   8318 |   1487 |   2584 |     21 |   5 | 1961.0 |
        Depths |   6892 |   6304 |    588 |   2348 |      0 |   4 | 1723.0 |
           Zot |   3722 |   3585 |    137 |   1515 |      0 |   5 |  744.4 |
         Sewer |    459 |    459 |      0 |      0 |      0 |   1 |  459.0 |
        Bailey |    222 |    222 |      0 |     42 |      0 |   1 |  222.0 |
               +--------+--------+--------+--------+--------+-----+--------+

Top non-repeatable levels by time:
Vaults:5: 3137 daAuts
Depths:2: 2589 daAuts
   Zot:5: 2119 daAuts
Vaults:2: 1837 daAuts
Vaults:1: 1801 daAuts
  Lair:5: 1696 daAuts
  Lair:3: 1675 daAuts
Depths:1: 1629 daAuts
Vaults:4: 1602 daAuts
Depths:3: 1505 daAuts
    D:12: 1502 daAuts
Vaults:3: 1426 daAuts
    D:10: 1293 daAuts
 Snake:4: 1220 daAuts
  Lair:2: 1190 daAuts
